 Dungeon Crawl Stone Soup version 0.30.0-13-g156ef70053 (webtiles) character file.

Game seed: 11595480962412740832

57 Esekla the Sneak (level 3, 0/22 HPs)
             Began as a Deep Elf Delver on May 18, 2023.
             Slain by an orc priest
             ... wielding a +0 dagger
              (2 damage)
             ... on level 4 of the Dungeon.
             The game lasted 00:15:05 (1550 turns).

Esekla the Sneak (Deep Elf Delver)                  Turns: 1550, Time: 00:15:06

Health: 0/22       AC:  3    Str:  9    XL:     3   Next: 73%
Magic:  8/8        EV: 13    Int: 16    God:
Gold:   72         SH:  0    Dex: 22    Spells: 5/6 levels left

rFire   . . .        d - staff of death
rCold   . . .        (no shield)
rNeg    + . .        b - +0 leather armour
rPois   .            (no helmet)
rElec   .            (no cloak)
rCorr   .            (no gloves)
SInv    .            (no boots)
Will    .....        (no amulet)
Stlth   ++++         i - +6 ring of dexterity
HPRegen 0.23/turn    (no ring)
MPRegen 0.11/turn

%: no passive effects
@: no status effects
A: no striking features
a: no special abilities


You were on level 4 of the Dungeon.
You visited 1 branch of the dungeon, and saw 5 of its levels.

You collected 72 gold pieces.

Inventory:

Hand Weapons
 c - a +0 falchion
 s - a +0 dagger
Missiles
 l - 2 poisoned darts (quivered)
Armour
 b - a +0 leather armour (worn)
Magical Staves
 d - a staff of death (weapon)
Jewellery
 i - a +6 ring of dexterity (left hand)
Wands
 g - a wand of digging (3)
Scrolls
 a - a scroll of fog
 e - a scroll of enchant weapon {unknown}
 h - a scroll of vulnerability {unknown}
 p - a scroll of amnesia {unknown}
 r - a scroll of immolation {unknown}
Potions
 f - a potion of haste
 j - a potion of cancellation {unknown}
 k - 2 potions of mutation {unknown}
 m - a potion of heal wounds {unknown}
 n - a potion of curing {unknown}
 o - a potion of resistance {unknown}
 q - a potion of ambrosia {unknown}


   Skills:
 + Level 2.5 Fighting
 + Level 2.0 Long Blades
 + Level 0.4 Armour
 * Level 2.9 Dodging
 + Level 6.4 Stealth
 * Level 2.2 Spellcasting
 * Level 0.2 Necromancy
 + Level 0.8 Translocations


You had 5 spell levels left.
You knew the following spells:

 Your Spells              Type           Power      Damage    Failure   Level
p - Apportation           Tloc           8%         N/A       21%         1

Your spell library contained the following spells:

 Spells                   Type           Power      Damage    Failure   Level
 Dazzling Flash           Conj/Hex       2%         N/A       63%         3
 Summon Guardian Golem    Hex/Summ       1%         N/A       63%         3
 Agony                    Necr           3%         N/A       100%        5
 Alistair's Intoxication  Tmut/Pois      0%         N/A       100%        5
 Silence                  Hex/Air        0%         N/A       100%        5
 Orb of Destruction       Conj           0%         9d5       100%        7
 Spellforged Servitor     Conj/Summ      0%         N/A       100%        7


Dungeon Overview and Level Annotations

Branches:
Dungeon (5/15)
 Temple: D:4-7

Altars:

Shops:
D:4 [

Annotations:
D:4 Sigmund


Message History

The orc priest hits you with a +0 dagger.
You hit the orc priest.
The orc priest is moderately wounded.
The orc priest hits you but does no damage.
You hit the orc priest.
The orc priest is heavily wounded.
The orc priest barely misses you.
You hit the orc priest but do no damage.
The orc priest is heavily wounded.
The orc priest calls down the wrath of Beogh upon you.
You barely resist.
You hit the orc priest but do no damage.
The orc priest is heavily wounded.
The orc priest invokes the aid of Beogh against you.
You barely resist.
The orc priest hits you with a +0 dagger.
You hit the orc priest.
The orc priest is almost dead.
The orc priest looks braver for a moment.
You completely miss the orc priest.
The orc priest is almost dead.
The orc priest mumbles some strange prayers to Beogh against you.
Pain shoots through your body!
You hit the orc priest but do no damage.
The orc priest is almost dead.
The orc priest miscasts a cantrip.
You closely miss the orc priest.
The orc priest is almost dead.
The orc priest hits you with a +0 dagger.
You barely miss the orc priest.
The orc priest is almost dead.
The orc priest looks braver for a moment.
The orc priest mumbles some strange prayers to Beogh against you.
Beogh smites you!
Ouch! That really hurt!
* * * LOW HITPOINT WARNING * * *
You hit the orc priest.
The orc priest is almost dead.
The orc priest hits you with a +0 dagger.
You die...

**** ######
,,,*###....#
##+##...##'##
#...#...#...######
+.8.##.##.8.+..o@##
#....#.#....#.....#
##...###...#####..#
,#....#....# #..#
,##.......## #..#
,,#.>.8.>.# #..#
,##.......## #..#
*#....#....#####..#
##...###...##.....#


You could see an orc priest.

Vanquished Creatures
  An orc wizard (D:4)
  An adder (D:3)
  4 ball pythons
  6 endoplasms
  A giant cockroach (D:1)
  3 hobgoblins
  A bat (D:1)
  2 frilled lizards (D:1)
  2 goblins
21 creatures vanquished.

Notes
Turn   | Place    | Note
-------+----------+-------------------------------------------
     0 | D:5      | Esekla the Deep Elf Delver began the quest for the Orb.
     0 | D:5      | Reached XP level 1. HP: 13/13 MP: 3/3
   137 | D:4      | Noticed a yak
   221 | D:3      | Reached XP level 2. HP: 12/18 MP: 3/5
   250 | D:3      | Learned a level 1 spell: Apportation
   283 | D:4      | Found Qeth's Antique Armour Shop.
   628 | D:3      | Reached skill level 1 in Spellcasting
   782 | D:4      | Noticed a scorpion
   792 | D:4      | Reached XP level 3. HP: 22/22 MP: 5/7
   809 | D:4      | Noticed Sigmund
  1550 | D:4      | Slain by an orc priest

Illustrated notes

Levels and vault maps discovered:
D:1:      lemuel_arrival_lava_pool, layout_loops_ring
D:2:      layout_loops_cross, serial_forest, infiniplex_forest_clump_small,
          infiniplex_forest_clump_double, infiniplex_forest_straight_4,
          infiniplex_forest_clump_C, infiniplex_forest_clump_cross,
          infiniplex_forest_end_1, infiniplex_forest_straight_3,
          infiniplex_forest_clump_small, infiniplex_forest_corner_1, uniq_robin
D:3:      layout_loops_ring, serial_bayou, serial_bayou_shore_a,
          serial_bayou_pond_e, serial_bayou_pond_d, serial_bayou_lagoon_b
D:4:      layout_basic, serial_shops, nicolae_lakefront_shop,
          grunt_ministairs_13, kennysheep_cross_bottleneck, uniq_sigmund
D:5:      layout_rooms, serial_glass, glass_columns_a, glass_columns_a,
          glass_columns_c, glass_columns_a, amcnicky_mini_rare_corridor_liquid,
          serial_park_tiny_pond, uniq_ijyb

Skill      XL: |  1  2  3 |
---------------+----------+-----
Spellcasting   | 1 2 |  2.2
Long Blades    | 2 |  2.0
Fighting       | |  2.5
Armour         | |  0.4
Dodging        | |  2.9
Stealth        | |  6.4
Necromancy     | |  0.2
Translocations | |  0.8

Action                     || total
---------------------------++-------
  Melee: Falchion          ||    35
         Staff             ||    17
         Dagger            ||     8
         Punch             ||     1
  Throw: Dart              ||     3
   Cast: Apportation       ||    22
    Use: Scroll            ||     2
   Stab: Sleeping          ||     9
 Armour: Leather armour    ||     7
  Dodge: Dodged            ||    26
